 Dungeon Crawl Stone Soup version 0.27.1-33-g824d729ab1 (webtiles) character file.

Game seed: 12023930131186755907

2 Descartes the Grasshopper (level 1, -7/9 HPs)
             Began as a Felid Warper on Nov 24, 2021.
             Mangled by a gnoll (8 damage)
             ... on level 1 of the Dungeon.
             The game lasted 00:00:22 (158 turns).

Descartes the Grasshopper (Felid Warper)             Turns: 158, Time: 00:00:23

Health: -7/9       AC:  1    Str:  7    XL:     1   Next: 25%
Magic:  4/4        EV: 17    Int: 14    God:
Gold:   0          SH:  0    Dex: 15    Spells: 4/4 levels left
                                        Lives:  0   Deaths: 0

rFire    . . .     SeeInvis +     - Unarmed
rCold    . . .     Faith    .   (shield unavailable)
rNeg     . . .     Spirit   .   (armour unavailable)
rPois    .         Reflect  .   (helmet unavailable)
rElec    .         Harm     .   (cloak unavailable)
rCorr    .         Rampage  .   (gloves unavailable)
Will     .....                  (boots unavailable)
Stlth    +.........             (no amulet)
HPRegen  0.03/turn              (no ring)
MPRegen  0.09/turn              (no ring)

@: quick
A: very small, claws 1, fangs 3, see invisible, speed 1, shaggy fur 1, stealthy
paws, no weapons or thrown items, no armour, multi-lived
a: no special abilities


You were on level 1 of the Dungeon.
You visited 1 branch of the dungeon, and saw 1 of its levels.

Inventory:

Scrolls
 a - a scroll of blinking


   Skills:
 - Level 2.0 Fighting
 * Level 3.3 Dodging
 + Level 2.0 Unarmed Combat
 - Level 2.0 Spellcasting
 + Level 4.4 Translocations


You had 4 spell levels left.
You didn't know any spells.
Your spell library contained the following spells:

 Spells                   Type           Power      Damage    Failure   Level
 Blink                    Tloc           N/A        N/A       6%          2
 Gell's Gravitas          Tloc           6%         N/A       12%         3
 Lesser Beckoning         Tloc           6%         N/A       12%         3
 Teleport Other           Tloc           13%        N/A       12%         3
 Manifold Assault         Tloc           13%        N/A       71%         5


Dungeon Overview and Level Annotations

Branches:
Dungeon (1/15)

Altars:

Shops:
D:1 [


Innate Abilities, Weirdness & Mutations

You have sharp claws.
You have razor-sharp teeth.
You have supernaturally acute eyesight. (SInv)
You cover ground quickly. (Speed+)
You are covered in fur. (AC +1)
Your paws help you pounce on unaware monsters.
You are incapable of wielding weapons or throwing items.
You cannot wear armour.
You gain extra lives every three experience levels.


Message History

No target in view!
No target in view!
No target in view!
No target in view!
No target in view!
No target in view!
No target in view!
No target in view!
HP restored.
You see here a +0 club.
Found Ranonous's Antique Armour Shoppe.
A gnoll comes into view. It is wielding a +0 spear.
Found a scroll labelled LUCVEDO OPPU.
Found ice dragon scales.
A giant cockroach comes into view.
Found 12 gold pieces.
Found a stone staircase leading down.
The gnoll misses you. The gnoll hits you with a +0 spear.
You scratch the gnoll.
The gnoll is moderately wounded.
The gnoll hits you with a +0 spear.
* * * LOW HITPOINT WARNING * * *
The giant cockroach misses you.
You are too injured to fight recklessly!
You are too injured to fight recklessly!
You are too injured to fight recklessly!
You are too injured to fight recklessly!
You are too injured to fight recklessly!
You are too injured to fight recklessly!
You are too injured to fight recklessly!
You are too injured to fight recklessly!
You are too injured to fight recklessly!
You are too injured to fight recklessly!
You are too injured to fight recklessly!
You are too injured to fight recklessly!
You are too injured to fight recklessly!
You are too injured to fight recklessly!
The gnoll hits you from afar with a +0 spear!
Ouch! That really hurt!
You die...

# #.####.#..#####
#. #.#....#..###
##.####.#.#.)......
......#.#....#..###
#.#...♣.....#..#
#.#..♣.♣....#..#
#.#.♣...♣...#..#
#B#♣..∩..♣.#...#
#..@♣...♣.###...
......g...♣.♣...#
#.#
.$.........♣.....#
.#
.............##...#
.#..........## ...?
#.##........# [.
... ......###># ##
........ ..


You could see a gnoll and a giant cockroach.

Vanquished Creatures
  A goblin (D:1)
  A ball python (D:1)
2 creatures vanquished.

Notes
Turn   | Place    | Note
-------+----------+-------------------------------------------
     0 | D:1      | Descartes the Felid Warper began the quest for the Orb.
     0 | D:1      | Reached XP level 1. HP: 9/9 MP: 4/4
    26 | D:1      | Found a faded altar of an unknown god.
   146 | D:1      | Found Ranonous's Antique Armour Shoppe.
   158 | D:1      | Mangled by a gnoll

Illustrated notes

Levels and vault maps discovered:
D:1:      ncdulo_smallfort, layout_loops_ring, ebering_ecumenical_altar_mist,
          serial_shops, nicolae_shop_stone, shop, nicolae_diamond_shop,
          nicolae_shop_competitors_out_of_business, shop_fountains,
          hangedman_glass_teeth, hangedman_decor_peaks_small,
          minmay_pentomino_q4

Action                   || total
-------------------------++-------
Melee: Unarmed           ||     6
Dodge: Dodged            ||    12
